 Dungeon Crawl Stone Soup version 0.31-a0-210-gccc998df9b (webtiles) character file.

Game seed: 9353766868309062703

35 qw the Shooter (level 3, 0/21 HPs)
             Began as a Gargoyle Hexslinger on June 29, 2023.
             Slain by an orc wizard
             ... wielding a +0 dagger
              (3 damage)
             ... on level 3 of the Dungeon.
             The game lasted 00:00:27 (1452 turns).

qw the Shooter (Gargoyle Hexslinger)                Turns: 1452, Time: 00:00:28

Health: 0/21       AC:  7    Str: 11    XL:     3   Next: 35%
Magic:  4/4        EV: 12    Int: 13    God:
Gold:   114        SH:  0    Dex: 14    Spells: 3/4 levels left

rFire   . . .        Y - +3 sling
rCold   . . .        (no shield)
rNeg    + . .        c - +0 robe
rPois   inf          g - +0 helmet
rElec   +            e - +0 cloak
rCorr   .            (no gloves)
SInv    .            (no boots)
Will    .....        (no amulet)
Stlth   +            (no ring)
HPRegen 0.23/turn    (no ring)
MPRegen 0.09/turn

%: no passive effects
@: no status effects
A: sickness immunity, AC +3, negative energy resistance 1, electricity
resistance, torment resistance 1, petrification resistance
a: no special abilities


You were on level 3 of the Dungeon.
You visited 1 branch of the dungeon, and saw 3 of its levels.

You collected 114 gold pieces.


Innate Abilities, Weirdness & Mutations

You are immune to sickness and miasma.
Your stone body is resilient. (AC +3)
You are immune to poison.
You resist negative energy. (rN+)
You are resistant to electric shocks. (rElec)
You are resistant to unholy torment.
You are immune to petrification.


   Skills:
 - Level 2.0 Fighting
 + Level 3.3 Ranged Weapons
 - Level 1.5 Dodging
 - Level 1.0 Spellcasting
 - Level 2.6 Hexes


You had 3 spell levels left.
You knew the following spells:

 Your Spells              Type           Power      Damage    Failure   Level
a - Slow                  Hex            28%        N/A       10%         1

Your spell library contained the following spells:

 Spells                   Type           Power      Damage    Failure   Level
 Inner Flame              Hex/Fire       4%         N/A       43%         3
 Portal Projectile        Hex/Tloc       8%         N/A       43%         3
 Cause Fear               Hex            3%         N/A       67%         4

Inventory:

Hand Weapons
 Y - a +3 sling (weapon)
Armour
 c - a +0 robe (worn)
 e - a +0 cloak (worn)
 g - a +0 helmet (worn)
Scrolls
 a - a scroll of revelation {unknown}
Potions
 d - a potion of enlightenment {unknown}
 h - a potion of magic {unknown}

Dungeon Overview and Level Annotations

Branches:
Dungeon (3/15)

Altars:


Message History

The orc closely misses you.
You shoot a sling bullet.
The sling bullet completely misses the orc.
The orc misses you.
You shoot a sling bullet. The sling bullet hits the orc!
You kill the orc!
You shoot a sling bullet. The sling bullet hits the orc.
The orc is moderately wounded.
You hear some strange, mumbled words.
You are confused.
An orc comes into view. It is wielding a +0 dagger.
The orc closely misses you.
You hear some strange, mumbled words.
You are more confused.
The orc barely misses you.
An orc comes into view. It is wielding a +0 flail.
The orc barely misses you.
You hear some strange, mumbled words.
A puff of flame appears from out of thin air!
The puff of flame hits you. The orc hits you with a +0 short sword.
Something hits you but does no damage. The orc closely misses you.
Something hits you. The orc closely misses you.
Something hits you but does no damage. The orc hits you but does no damage.
You hear some strange, mumbled words.
A puff of flame appears from out of thin air!
The puff of flame hits you. The orc closely misses you.
Something hits you but does no damage. The orc completely misses you.
You hear some strange, mumbled words.
A puff of flame appears from out of thin air!
The puff of flame hits you. The orc hits you with a +0 short sword.
Something hits you. The orc barely misses you.
You hear some strange, mumbled words.
A magic dart appears from out of thin air!
The magic dart hits you.
You feel less confused. The orc barely misses you. Something hits you.
You die...

..#######.##
...........# .#
..#######).# .#
....#####..######.#
..)................
...#....#.####.# o#
...#.......<##.# o#
...#....#......##{##
+###....#.#.#...@o.#
#....#.#.##.##..#
#....#.#...........
#....#.####.##.###.#
####.#.# #.# .# # ..
... .. ... .# #.# .#
#.#


You could see 3 orcs.

Vanquished Creatures
  An adder (D:3)
  An orc (D:3)
  5 bats
  4 endoplasms
  2 giant cockroaches
  A hobgoblin (D:2)
  3 quokkas
  A ball python (D:1)
  A frilled lizard (D:1)
  6 rats
25 creatures vanquished.

Notes
Turn   | Place    | Note
-------+----------+-------------------------------------------
     0 | D:1      | qw the Gargoyle Hexslinger began the quest for the Orb.
     0 | D:1      | Reached XP level 1. HP: 12/12 MP: 2/2
     0 | D:1      | 0 ||| qw: Version: 0.3-a-24-ga2abf7b
     0 | D:1      | 0 ||| qw: Game counter: 6783
     0 | D:1      | 0 ||| qw: Melee chars always use a shield: true
     0 | D:1      | 0 ||| qw: God list: Okawaru
     0 | D:1      | 0 ||| qw: Allow faded altars: false
     0 | D:1      | 0 ||| qw: Do Orc after clearing Dungeon:15 true
     0 | D:1      | 0 ||| qw: Do second Lair branch before Depths: true
     0 | D:1      | 0 ||| qw: Lair rune preference: random
     0 | D:1      | 0 ||| qw: Goals: Normal
     0 | D:1      | 0 ||| PLANNING D:1-11
     5 | D:1      | 5 ||| Stepping ~*~*~tactically~*~*~ (water).
   102 | D:1      | Found a faded altar of an unknown god.
   115 | D:1      | Reached XP level 2. HP: 13/16 MP: 3/3
   541 | D:1      | 541 ||| UPGRADING to +0 helmet.
   546 | D:1      | 546 ||| READING scroll labelled HIN NUYTOSHYUBA.
   547 | D:1      | 547 ||| READING scroll labelled ESTATU UWNEM.
   548 | D:1      | 548 ||| DRINKING 2 lumpy black potions.
   549 | D:1      | 549 ||| DROPPING scroll of poison.
   550 | D:1      | 550 ||| DROPPING potion of attraction.
   622 | D:2      | Reached skill level 3 in Ranged Weapons
  1288 | D:2      | 1288 ||| UPGRADING to +0 cloak.
  1293 | D:2      | 1293 ||| READING 2 scrolls labelled AMI ALARCHOIFEO.
  1294 | D:2      | 1294 ||| READING scroll of enchant weapon.
  1294 | D:2      | 1294 ||| ENCHANTING +2 sling.
  1295 | D:2      | 1295 ||| READING scroll labelled LUAFOA SUQICW.
  1300 | D:2      | 1300 ||| READING scroll labelled OSOITY NEKAOC.
  1324 | D:3      | Reached XP level 3. HP: 21/21 MP: 4/4
  1451 | D:3      | HP: 3/21 [something/magic dart (4)]
  1452 | D:3      | Slain by an orc wizard

Levels and vault maps discovered:
D:1:      reono_arrival_forest_river, layout_basic,
          hellmonk_ecumenical_altar_lost_god
D:2:      layout_basic, patterned_corridor
D:3:      layout_basic

Skill      XL: |  1  2 |
---------------+-------+-----
Ranged Weapons | 3 |  3.3
Fighting       | 2 |  2.0
Dodging        | |  1.5
Spellcasting   | |  1.0
Hexes          | |  2.6

Action                     || total
---------------------------++-------
   Fire: Sling             ||    83
    Use: Scroll            ||     6
         Potion            ||     1
 Armour: Robe              ||    11
  Dodge: Dodged            ||    28

Table legend:
 A = Non-vault XP
 B = Vault XP
 C = Vault XP percentage of total XP
 D = Non-vault monster count
 E = Vault monster count
 F = Vault count percentage of total count
                 A         B        C        D         E       F
            +---------+---------+-------+---------+---------+-------
      Total |      51 |       0 |   0.0 |      25 |       0 |   0.0
            +---------+---------+-------+---------+---------+-------
        D:1 |      16 |       0 |   0.0 |      12 |       0 |   0.0
        D:2 |      16 |       0 |   0.0 |       9 |       0 |   0.0
        D:3 |      19 |       0 |   0.0 |       4 |       0 |   0.0
            +---------+---------+-------+---------+---------+-------
